| TOP OF THE 1ST |
|
Milwaukee Brewers batting - Pitching for Arizona Diamondbacks : LHP Murphy Quirk
|
|
Pitching: LHP Murphy Quirk
|
|
|
Batting: RHB Akitada Nishizawa
|
0-0: Ground out 5-3 (Groundball, 56, EV 85.0 MPH)
|
|
Batting: RHB Kisho Ito
|
0-0: Called Strike 0-1: Fly out, F7 (Flyball, 7, EV 83.1 MPH)
|
|
Batting: SHB Lewis Thorpe Jr.
|
0-0: Foul Ball, location: 2F 0-1: Foul Ball, location: 2F 0-2: Foul Ball, location: 2F 0-2: Foul Ball, location: 2F 0-2: Hit by Pitch
|
|
Batting: SHB Jason Woods
|
0-0: Ball Lewis Thorpe Jr. is caught stealing 2nd base 2-4
|
| Top of the 1st over - 0 runs, 0 hits, 0 errors, 0 left on base; Milwaukee 0 - Arizona 0 |
| BOTTOM OF THE 1ST |
|
Arizona Diamondbacks batting - Pitching for Milwaukee Brewers : RHP John York
|
|
Pitching: RHP John York
|
|
|
Batting: LHB Roy Steigerwald
|
0-0: Ball 1-0: Fly out, F8 (Line Drive, 8RM, EV 100.0 MPH)
|
|
Batting: RHB Katilimomi Kelekolio
|
0-0: Foul Ball, location: 2F 0-1: Ball 1-1: Called Strike 1-2: Ball 2-2: Strikes out looking
|
|
Batting: LHB Eric Klasek
|
0-0: Ball 1-0: Foul Ball, location: 2F 1-1: Called Strike 1-2: SOLO HOME RUN (Flyball, 78XD, EV 100.6 MPH), Distance : 393 ft
|
|
Batting: SHB Alec Thorpe
|
0-0: Swinging Strike 0-1: Foul Ball, location: 2F 0-2: Foul Ball, location: 2F 0-2: Ball 1-2: Strikes out swinging
|
| Bottom of the 1st over - 1 run, 1 hit, 0 errors, 0 left on base; Milwaukee 0 - Arizona 1 |
| TOP OF THE 2ND |
|
Milwaukee Brewers batting - Pitching for Arizona Diamondbacks : LHP Murphy Quirk
|
|
Batting: SHB Jason Woods
|
0-0: Ball 1-0: Ball 2-0: Called Strike 2-1: Swinging Strike 2-2: Ball 3-2: Foul Ball, location: 2F 3-2: Ground out 6-3 (Groundball, 6, EV 87.5 MPH)
|
|
Batting: RHB Adrian Rudkilde
|
0-0: Called Strike 0-1: Foul Ball, location: 2F 0-2: Foul Ball, location: 2F 0-2: Ball 1-2: Foul Ball, location: 2F 1-2: Ground out 6-3 (Groundball, 6D, EV 105.0 MPH)
|
|
Batting: RHB Noah Stanley
|
0-0: Swinging Strike 0-1: Ball 1-1: Foul Ball, location: 2F 1-2: Strikes out swinging
|
| Top of the 2nd over - 0 runs, 0 hits, 0 errors, 0 left on base; Milwaukee 0 - Arizona 1 |
| BOTTOM OF THE 2ND |
|
Arizona Diamondbacks batting - Pitching for Milwaukee Brewers : RHP John York
|
|
Batting: SHB Perry Tuckfard
|
0-0: Ground out 4-3 (Groundball, 4, EV 101.9 MPH)
|
|
Batting: SHB Salvador Aragon
|
0-0: DOUBLE (Line Drive, 8RXD, EV 110.0 MPH)
|
|
Batting: SHB Andrew Wray II
|
0-0: Called Strike 0-1: Ball 1-1: Foul Ball, location: 2F 1-2: Ball 2-2: Strikes out looking
|
|
Batting: RHB Steve Bartman Jr.
|
0-0: Called Strike 0-1: Foul Ball, location: 2F 0-2: Ball 1-2: Foul Ball, location: 2F 1-2: Foul Ball, location: 2F 1-2: Foul Ball, location: 2F 1-2: Foul Ball, location: 2F 1-2: Ball 2-2: Ground out 6-3 (Groundball, 6, EV 88.8 MPH)
|
| Bottom of the 2nd over - 0 runs, 1 hit, 0 errors, 1 left on base; Milwaukee 0 - Arizona 1 |
| TOP OF THE 3RD |
|
Milwaukee Brewers batting - Pitching for Arizona Diamondbacks : LHP Murphy Quirk
|
|
Batting: RHB Daniel Donovan
|
0-0: Called Strike 0-1: Called Strike 0-2: Ground out 5-3 (Groundball, 56, EV 103.1 MPH)
|
|
Batting: RHB Ben Campbell
|
0-0: Foul Ball, location: 2F 0-1: Ball 1-1: Ball 2-1: Ground out 6-3 (Groundball, 56, EV 83.8 MPH)
|
|
Batting: SHB Jean-François Bernard
|
0-0: Ball 1-0: Foul Ball, location: 2F 1-1: Foul Ball, location: 2F 1-2: Reached on error, E1 (Groundball, 13, EV 74.4 MPH)
|
|
Batting: RHB Akitada Nishizawa
|
0-0: Ball 1-0: Called Strike 1-1: Ball 2-1: Ball 3-1: Called Strike 3-2: Strikes out swinging
|
| Top of the 3rd over - 0 runs, 0 hits, 1 error, 1 left on base; Milwaukee 0 - Arizona 1 |
| BOTTOM OF THE 3RD |
|
Arizona Diamondbacks batting - Pitching for Milwaukee Brewers : RHP John York
|
|
Batting: SHB Warren Eisner
|
0-0: SINGLE (Line Drive, 78S, EV 88.8 MPH)
|
|
Batting: LHB Roy Steigerwald
|
0-0: Ball 1-0: Called Strike 1-1: Ball 2-1: Foul Ball, location: 2F 2-2: Ball Warren Eisner is caught stealing 2nd base 2-6 3-2: Fly out, F7 (Flyball, 7LSF, EV 93.1 MPH)
|
|
Batting: RHB Katilimomi Kelekolio
|
0-0: Called Strike 0-1: Ground out 5-3 (Groundball, 5, EV 83.8 MPH)
|
| Bottom of the 3rd over - 0 runs, 1 hit, 0 errors, 0 left on base; Milwaukee 0 - Arizona 1 |
| TOP OF THE 4TH |
|
Milwaukee Brewers batting - Pitching for Arizona Diamondbacks : LHP Murphy Quirk
|
|
Batting: RHB Kisho Ito
|
0-0: Foul Ball, location: 2F 0-1: Swinging Strike 0-2: Ball 1-2: Strikes out looking
|
|
Batting: SHB Lewis Thorpe Jr.
|
0-0: Called Strike 0-1: Ball 1-1: Foul Ball, location: 2F 1-2: Ground out 5-3 (Groundball, 5S, EV 78.1 MPH)
|
|
Batting: SHB Jason Woods
|
0-0: Hit by Pitch
|
|
Batting: RHB Adrian Rudkilde
|
0-0: Ball 1-0: Ball 2-0: Called Strike 2-1: Fly out, F8 (Flyball, 8LD, EV 90.6 MPH)
|
| Top of the 4th over - 0 runs, 0 hits, 0 errors, 1 left on base; Milwaukee 0 - Arizona 1 |
| BOTTOM OF THE 4TH |
|
Arizona Diamondbacks batting - Pitching for Milwaukee Brewers : RHP John York
|
|
Batting: LHB Eric Klasek
|
0-0: Swinging Strike 0-1: Ball 1-1: Fly out, F9 (Flyball, 89S, EV 89.4 MPH)
|
|
Batting: SHB Alec Thorpe
|
0-0: Called Strike 0-1: Foul Ball, location: 2F 0-2: Ball 1-2: Foul Ball, location: 2F 1-2: Foul Ball, location: 2F 1-2: DOUBLE (Line Drive, 8LXD, EV 108.1 MPH)
|
|
Batting: SHB Perry Tuckfard
|
0-0: Called Strike 0-1: Ball 1-1: SINGLE (Line Drive, 34, EV 97.5 MPH) Alec Thorpe to third
|
|
Batting: SHB Salvador Aragon
|
0-0: Ball Wild Pitch! Alec Thorpe scores Perry Tuckfard to second 1-0: Ball 2-0: Foul Ball, location: 2F 2-1: Foul Ball, location: 2F 2-2: Ball 3-2: Foul Ball, location: 2F 3-2: Strikes out looking
|
|
Batting: SHB Andrew Wray II
|
0-0: Called Strike 0-1: Ball 1-1: SINGLE (Flyball, 56D, EV 86.9 MPH) Perry Tuckfard to third Runner from 3rd tries for Home, SAFE, throw by LF to home
|
|
Batting: RHB Steve Bartman Jr.
|
0-0: Ball 1-0: Ball 2-0: Foul Ball, location: 2F 2-1: Fly out, F5 (Popup, 5F, EV 65.6 MPH)
|
| Bottom of the 4th over - 2 runs, 3 hits, 0 errors, 1 left on base; Milwaukee 0 - Arizona 3 |
| TOP OF THE 5TH |
|
Milwaukee Brewers batting - Pitching for Arizona Diamondbacks : LHP Murphy Quirk
|
|
Batting: RHB Noah Stanley
|
0-0: Ball 1-0: Foul Ball, location: 2F 1-1: Ball 2-1: Swinging Strike 2-2: Foul Ball, location: 2F 2-2: Ground out 6-3 (Groundball, 6, EV 86.2 MPH)
|
|
Batting: RHB Daniel Donovan
|
0-0: SOLO HOME RUN (Flyball, 7LD, EV 96.2 MPH), Distance : 356 ft
|
|
Batting: RHB Ben Campbell
|
0-0: Ball 1-0: Ground out 1-3 (Groundball, 15, EV 66.9 MPH)
|
|
Batting: SHB Jean-François Bernard
|
0-0: Ground out 1-3 (Groundball, 13S, EV 67.5 MPH)
|
| Top of the 5th over - 1 run, 1 hit, 0 errors, 0 left on base; Milwaukee 1 - Arizona 3 |
| BOTTOM OF THE 5TH |
|
Arizona Diamondbacks batting - Pitching for Milwaukee Brewers : RHP John York
|
|
Batting: SHB Warren Eisner
|
0-0: Foul Ball, location: 2F 0-1: Foul Ball, location: 2F 0-2: Ball 1-2: SINGLE (Line Drive, 34D, EV 96.9 MPH)
|
|
Batting: LHB Roy Steigerwald
|
0-0: Ball 1-0: Foul Ball, location: 2F 1-1: Fly out, F5 (Popup, 5SF, EV 86.2 MPH)
|
|
Batting: RHB Katilimomi Kelekolio
|
0-0: SINGLE (Flyball, 8LS, EV 90.6 MPH) Warren Eisner to second
|
|
Batting: LHB Eric Klasek
|
0-0: Fly out, F8 (Flyball, 8RD, EV 87.5 MPH)
|
|
Batting: SHB Alec Thorpe
|
0-0: Called Strike 0-1: Swinging Strike 0-2: Ball 1-2: Ball 2-2: Ball 3-2: Foul Ball, location: 2F 3-2: Strikes out swinging
|
| Bottom of the 5th over - 0 runs, 2 hits, 0 errors, 2 left on base; Milwaukee 1 - Arizona 3 |
| TOP OF THE 6TH |
|
Milwaukee Brewers batting - Pitching for Arizona Diamondbacks : LHP Murphy Quirk
|
|
Batting: RHB Akitada Nishizawa
|
0-0: Ball 1-0: Ground out 4-3 (Groundball, 4M, EV 80.6 MPH)
|
|
Batting: RHB Kisho Ito
|
0-0: Called Strike 0-1: Ground out 5-3 (Groundball, 5, EV 81.2 MPH)
|
|
Batting: SHB Lewis Thorpe Jr.
|
0-0: Ball 1-0: Swinging Strike 1-1: Called Strike 1-2: Ball 2-2: Ball 3-2: Strikes out swinging
|
| Top of the 6th over - 0 runs, 0 hits, 0 errors, 0 left on base; Milwaukee 1 - Arizona 3 |
| BOTTOM OF THE 6TH |
|
Arizona Diamondbacks batting - Pitching for Milwaukee Brewers : RHP John York
|
|
Batting: SHB Perry Tuckfard
|
0-0: Ball 1-0: Foul Ball, location: 2F 1-1: Ball 2-1: DOUBLE (Flyball, 78D, EV 94.4 MPH)
|
|
Batting: SHB Salvador Aragon
|
0-0: Fly out, F7 (Flyball, 7D, EV 101.2 MPH)
|
|
Batting: SHB Andrew Wray II
|
0-0: Called Strike 0-1: Called Strike 0-2: Ball 1-2: Foul Ball, location: 2F 1-2: SINGLE (Line Drive, 34D, EV 95.6 MPH) Perry Tuckfard to third Runner from 3rd tries for Home, SAFE, throw by RF to home
|
|
Batting: RHB Steve Bartman Jr.
|
0-0: Ball 1-0: Called Strike 1-1: Ball 2-1: Foul Ball, location: 2F 2-2: Foul Ball, location: 2F 2-2: Ball 3-2: Foul Ball, location: 2F 3-2: Foul Ball, location: 2F 3-2: Foul Ball, location: 2F 3-2: Foul Ball, location: 2F 3-2: Base on Balls Andrew Wray II to second
|
|
Pitching: RHP Nick Butler
|
|
|
Batting: SHB Warren Eisner
|
0-0: Grounds into double play, 4-6-3 (Groundball, 4, EV 86.2 MPH)
|
| Bottom of the 6th over - 1 run, 2 hits, 0 errors, 1 left on base; Milwaukee 1 - Arizona 4 |
| TOP OF THE 7TH |
|
Milwaukee Brewers batting - Pitching for Arizona Diamondbacks : LHP Murphy Quirk
|
|
Batting: SHB Jason Woods
|
0-0: Ball 1-0: Foul Ball, location: 2F 1-1: Ball 2-1: Ground out 4-3 (Groundball, 4, EV 100.6 MPH)
|
|
Batting: RHB Adrian Rudkilde
|
0-0: Ball 1-0: Foul Ball, location: 2F 1-1: Foul Ball, location: 2F 1-2: Strikes out swinging
|
|
Batting: RHB Noah Stanley
|
0-0: Ball 1-0: Foul Ball, location: 2F 1-1: Foul Ball, location: 2F 1-2: Ball 2-2: Ball 3-2: SINGLE (Groundball, 25, EV 75.0 MPH) (infield hit)
|
|
Batting: RHB Daniel Donovan
|
0-0: Called Strike 0-1: Foul Ball, location: 2F 0-2: Foul Ball, location: 2F 0-2: Ball 1-2: Foul Ball, location: 2F 1-2: Foul Ball, location: 2F 1-2: Ball 2-2: Strikes out swinging
|
| Top of the 7th over - 0 runs, 1 hit, 0 errors, 1 left on base; Milwaukee 1 - Arizona 4 |
| BOTTOM OF THE 7TH |
|
Arizona Diamondbacks batting - Pitching for Milwaukee Brewers : RHP Nick Butler
|
|
Batting: LHB Roy Steigerwald
|
0-0: Ball 1-0: Ball 2-0: Called Strike 2-1: SINGLE (Groundball, 6MD, EV 99.4 MPH)
|
|
Batting: RHB Katilimomi Kelekolio
|
0-0: Bunted foul 0-1: Bunt missed! 0-2: Foul Ball, location: 2F 0-2: Fly out, F9 (Flyball, 9D, EV 95.0 MPH)
|
|
Batting: LHB Eric Klasek
|
0-0: 2-RUN HOME RUN (Flyball, 8RXD, EV 110.6 MPH), Distance : 445 ft
|
|
Batting: SHB Alec Thorpe
|
0-0: Foul Ball, location: 2F 0-1: Called Strike 0-2: Foul Ball, location: 2F 0-2: Foul Ball, location: 2F 0-2: Strikes out swinging
|
|
Batting: SHB Perry Tuckfard
|
0-0: SINGLE (Groundball, 13S, EV 66.2 MPH) (infield hit)
|
|
Batting: SHB Salvador Aragon
|
0-0: Ball 1-0: Called Strike 1-1: Foul Ball, location: 2F 1-2: Fly out, F7 (Flyball, 78S, EV 97.5 MPH)
|
| Bottom of the 7th over - 2 runs, 3 hits, 0 errors, 1 left on base; Milwaukee 1 - Arizona 6 |
| TOP OF THE 8TH |
|
Milwaukee Brewers batting - Pitching for Arizona Diamondbacks : LHP Murphy Quirk
|
|
Batting: RHB Ben Campbell
|
0-0: Ball 1-0: Called Strike 1-1: Foul Ball, location: 2F 1-2: Ball 2-2: Ball 3-2: Foul Ball, location: 2F 3-2: Foul Ball, location: 2F 3-2: Base on Balls
|
|
Pitching: RHP Raul Sanchez
|
|
|
Batting: SHB Jean-François Bernard
|
0-0: Called Strike 0-1: DOUBLE (Line Drive, 89M, EV 91.9 MPH) Ben Campbell to third
|
|
Batting: RHB Akitada Nishizawa
|
0-0: Called Strike 0-1: Ball 1-1: Ground out 5-3 (Groundball, 56S, EV 88.8 MPH) Ben Campbell scores
|
|
Pinch Hitting: SHB Jamel Wright
|
0-0: Ground out U3 (Groundball, 34S, EV 85.6 MPH) Jean-François Bernard to third
|
|
Batting: SHB Lewis Thorpe Jr.
|
0-0: Ball 1-0: Ball 2-0: Ball 3-0: Base on Balls
|
|
Batting: SHB Jason Woods
|
0-0: Ball 1-0: Ball 2-0: Ball 3-0: Called Strike 3-1: Base on Balls Lewis Thorpe Jr. to second
|
|
Batting: RHB Adrian Rudkilde
|
0-0: SINGLE (Line Drive, 56, EV 96.2 MPH) Jean-François Bernard scores Lewis Thorpe Jr. to third Jason Woods to second Runner from 3rd tries for Home, SAFE, throw by LF to home
|
|
Pitching: LHP Mario Valdivia
|
|
|
Batting: RHB Noah Stanley
|
0-0: Called Strike 0-1: Foul Ball, location: 2F 0-2: Strikes out swinging
|
| Top of the 8th over - 3 runs, 2 hits, 0 errors, 2 left on base; Milwaukee 4 - Arizona 6 |
| BOTTOM OF THE 8TH |
|
Arizona Diamondbacks batting - Pitching for Milwaukee Brewers : RHP Nick Butler
|
|
Pitching: RHP Mekonen Mahfudh
|
|
|
Now at 2B: Jean-François Bernard
|
|
|
Now at 3B: Mike Ball
|
|
|
Now at SS: Noah Stanley
|
|
|
Batting: SHB Andrew Wray II
|
0-0: Called Strike 0-1: Ball 1-1: Foul Ball, location: 2F 1-2: Ground out 5-3 (Groundball, 5, EV 84.4 MPH)
|
|
Batting: RHB Steve Bartman Jr.
|
0-0: Swinging Strike 0-1: Foul Ball, location: 2F 0-2: Ground out 5-3 (Groundball, 56S, EV 83.1 MPH)
|
|
Batting: SHB Warren Eisner
|
0-0: Fly out, F3 (Flyball, 34D, EV 83.1 MPH)
|
| Bottom of the 8th over - 0 runs, 0 hits, 0 errors, 0 left on base; Milwaukee 4 - Arizona 6 |
| TOP OF THE 9TH |
|
Milwaukee Brewers batting - Pitching for Arizona Diamondbacks : LHP Mario Valdivia
|
|
Pitching: LHP Chris Baran
|
|
|
Batting: RHB Daniel Donovan
|
0-0: Called Strike 0-1: Ball 1-1: Foul Ball, location: 2F 1-2: Ground out 5-3 (Groundball, 56S, EV 68.8 MPH)
|
|
Batting: RHB Ben Campbell
|
0-0: Ball 1-0: Called Strike 1-1: Foul Ball, location: 2F 1-2: Ball 2-2: Foul Ball, location: 2F 2-2: Ball 3-2: Base on Balls
|
|
Batting: SHB Jean-François Bernard
|
Balk! Ben Campbell to second 0-0: Called Strike 0-1: Swinging Strike 0-2: Foul Ball, location: 2F 0-2: SINGLE (Groundball, 6S, EV 68.8 MPH) (infield hit) Ben Campbell to third
|
|
Batting: RHB Akitada Nishizawa
|
0-0: Ball 1-0: Ball 2-0: Ball 3-0: Called Strike 3-1: Foul Ball, location: 2F 3-2: Grounds into double play, 6-4-3 (Groundball, 6M, EV 104.4 MPH)
|
| Top of the 9th over - 0 runs, 1 hit, 0 errors, 1 left on base; Milwaukee 4 - Arizona 6 |
|